[Event "*** Titled Tuesday Blitz"]
[Site "Chess.com"]
[Date "2020.05.19"]
[Round "9"]
[White "stoleriu"]
[Black "guillembaches"]
[Result "0-1"]
[WhiteElo "2539"]
[BlackElo "2435"]
[TimeControl "180+1"]
[EndTime "13:44:59 PDT"]
[Termination "guillembaches won by resignation"]

1. e4 c5 2. Nf3 d6 3. Bb5+ Bd7 4.
c4 Nf6 5. Nc3 g6 6. O-O Bg7 7.
Re1 O-O 8. d4 cxd4 9. Nxd4 a6 10. Bxd7 Nbxd7 11. Be3 Rc8 12. Qe2 Ne5 13. b3 b5 14.
cxb5 Rxc3 15. bxa6 Nxe4 16. Nb5 Rc8 17. a4 Nc5 18. Nd4 Qb6 19. b4 Qxb4 20. Reb1 Qc4 0-1

[Event "*** Titled Tuesday Blitz"]
[Site "Chess.com"]
[Date "2020.05.19"]
[Round "9"]
[White "manmanlai1"]
[Black "tan275"]
[Result "1-0"]
[WhiteElo "2359"]
[BlackElo "2202"]
[TimeControl "180+1"]
[EndTime "13:45:00 PDT"]
[Termination "manmanlai1 won by resignation"]

1. e4 c5 2. Nf3 Nc6 3. d4 cxd4 4. Nxd4 g6 5. Nc3 Bg7 6. Nde2 Nf6 7. Nf4 d6 8. h4 h6 9. Bc4 Ne5 10. Bb3 g5 11.
hxg5 hxg5 12. Rxh8+ Bxh8 13. Nfe2 Bg4 14. Bxg5 Qb6 15.
Qd4 Qa5 16. Bd2 Qa6 17. f3 Bxf3 18. Qa4+ Qxa4 19. Bxa4+ Kd8 20. gxf3 Nxf3+ 21. Kd1 Ng4 22. Nc1 Rc8 23. Nd3 Nf2+ 24. Nxf2 1-0

[Event "*** Titled Tuesday Blitz"]
[Site "Chess.com"]
[Date "2020.05.19"]
[Round "9"]
[White "peixe64"]
[Black "MikeSailer"]
[Result "1-0"]
[WhiteElo "2247"]
[BlackElo "2083"]
[TimeControl "180+1"]
[EndTime "13:45:00 PDT"]
[Termination "peixe64 won by resignation"]

1. d4 d5 2. c4 Bf5 3. Nc3 e6 4. Qb3 Nc6 5. Nf3 Nb4 6. e4 dxe4 7. c5 a5 8. a3 exf3 9. axb4 Qxd4 10. Be3 Qe5 11. gxf3 Nf6 12. f4 Bc2 13. Qxc2 Qh5 14. Bg2 Ng4 15. Bxb7 Nxe3 16. fxe3 Be7 17. Bc6+ Kf8 18.
Bxa8 Bh4+ 19. Kf1 Qf3+ 20. Bxf3 1-0

[Event "*** Titled Tuesday Blitz"]
[Site "Chess.com"]
[Date "2020.05.19"]
[Round "9"]
[White "Nara_Kh"]
[Black "EnergeticHay"]
[Result "1-0"]
[WhiteElo "2282"]
[BlackElo "2160"]
[TimeControl "180+1"]
[EndTime "13:45:01 PDT"]
[Termination "Nara_Kh won by resignation"]

1. e4 c5 2. Nf3 d6 3. Bb5+ Nd7 4.
O-O Nf6 5. Re1 a6 6. Bd3 b5 7. c3 c4 8. Bc2 e6 9. a4 Bb7 10. d4 cxd3 11. Qxd3 Nc5 12. Qe2 Nfxe4 13. b4 d5 14. bxc5 Bxc5 15. Be3 Bd6 16. axb5 O-O 17.
bxa6 Bc6 18. Bxe4 dxe4 19. Nd4 Bd7 20. Nd2 f5 21. f4 e5 22. fxe5 Bxe5 23. Nc4 Bc7 24.
Bd2 Rf6 25. Bg5 h6 26. Bxf6 Qxf6 27. a7 g5 28. g4 fxg4 29. Qxe4 Rf8 30. Rf1 1-0

[Event "*** Titled Tuesday Blitz"]
[Site "Chess.com"]
[Date "2020.05.19"]
[Round "9"]
[White "Hangar-18"]
[Black "talaicito"]
[Result "1-0"]
[WhiteElo "2329"]
[BlackElo "2169"]
[TimeControl "180+1"]
[EndTime "13:45:05 PDT"]
[Termination "Hangar-18 won on time"]

1. b3 e5 2. Bb2 d6 3. e3 a5 4. a3 f5 5. g3 Nf6 6. Bg2 Be7 7. d3 O-O 8. Ne2 Kh8 9. c4 Qe8 10. Nbc3 c6 11. O-O Qh5 12. Qd2 f4 13. exf4 Bh3 14. fxe5 dxe5 15. f3 Nbd7 16. Ne4 Rad8 17. Qg5 Qxg5 18.
Nxg5 Bxg2 19. Kxg2 Nc5 20. d4 exd4 21. Nxd4 Rd6 22.
Rae1 Bd8 23. Re2 Bb6 24. b4 axb4 25. axb4 Nd3 26. c5 1-0

[Event "*** Titled Tuesday Blitz"]
[Site "Chess.com"]
[Date "2020.05.19"]
[Round "9"]
[White "Gromes7"]
[Black "Charlottemillard17"]
[Result "1-0"]
[WhiteElo "2010"]
[BlackElo "1417"]
[TimeControl "180+1"]
[EndTime "13:45:05 PDT"]
[Termination "Gromes7 won by checkmate"]

1. d4 d5 2. Nf3 Nf6 3. g3 e6 4.
Bg2 Be7 5. O-O O-O 6. c4 c6 7. b3 Nbd7 8. Bb2 h6 9. Qc2 Re8 10. Nc3 Nf8 11. e4 dxe4 12. Nxe4 Ng6 13. Rfd1 Nxe4 14.
Qxe4 Bd7 15. Ne5 Nxe5 16. dxe5 Qc7 17. Rd3 Bc8 18. Rad1 b6 19. Qxc6 Qxc6 20. Bxc6 Bb7 21. Bxb7 Rab8 22. Bc6 Rec8 23. Bg2 b5 24. Rd7 Bg5 25.
f4 Bd8 26. Bb7 Bb6+ 27. Bd4 Bxd4+ 28. R1xd4 Re8 29. cxb5 f6 30. exf6 gxf6 31. Rc7 e5 32.
Rdd7 e4 33. Bd5+ Kf8 34. Rh7 e3 35. Rh8# 1-0

[Event "*** Titled Tuesday Blitz"]
[Site "Chess.com"]
[Date "2020.05.19"]
[Round "9"]
[White "BeanScreen"]
[Black "Marty435"]
[Result "1-0"]
[WhiteElo "2604"]
[BlackElo "2410"]
[TimeControl "180+1"]
[EndTime "13:45:12 PDT"]
[Termination "BeanScreen won by checkmate"]

1. e4 c6 2. d4 d5 3. exd5 cxd5 4. Bd3 Nc6 5. c3 Nf6 6. Bf4 g6 7. Nd2 Bg7 8. Ngf3 O-O 9. O-O Bf5 10. Bxf5 gxf5 11.
Ne5 e6 12. Qf3 Ne4 13. Nxe4 fxe4 14. Qh5 Nxe5 15. Bxe5 f6 16. Bf4 Qe8 17. Qg4 f5 18. Qh4 Qg6 19. Rae1 Bf6 20. Qh3 Kh8 21. f3 Rg8 22.
fxe4 dxe4 23. Re3 Qg4 24. Rf2 Qd1+ 25. Rf1 Qg4 26. Rf2 Rac8 27. Qh6 Rg6 28. Qh3 Qd1+ 29.
Rf1 Qc2 30. Rg3 Rxg3 31. hxg3 Qxb2 32. d5 exd5 33. Qxf5 Qxc3 34. Kh2 Rc6 35. Bg5 Kg7 36. Qxd5 Qc4 37. Bxf6+ Kg6 38. Qg5+ Kf7 39. Qg7+ Ke6 40. Qe7+ Kd5 41. Qe5# 1-0

[Event "*** Titled Tuesday Blitz"]
[Site "Chess.com"]
[Date "2020.05.19"]
[Round "9"]
[White "Cambek64"]
[Black "grunbergmihai"]
[Result "1-0"]
[WhiteElo "2340"]
[BlackElo "2399"]
[TimeControl "180+1"]
[EndTime "13:45:12 PDT"]
[Termination "Cambek64 won by resignation"]

1. d4 Nf6 2. Nf3 e6 3. c3 b5 4.
Bf4 Bb7 5. e3 a6 6. h3 c5 7.
Nbd2 d6 8. a4 c4 9. Be2 Nbd7 10.
O-O Be7 11. Qb1 O-O 12. Bd1 Nb6 13. a5 Nbd7 14. Bc2 Nb8 15. e4 Nc6 16. Qa2 h6 17.
Rfe1 Qc7 18. e5 Nd5 19. Bg3 dxe5 20. Nxe5 Nxe5 21. Bxe5 Bd6 22. Bxd6 Qxd6 23. Ne4 Qc7 24.
Qa3 Rac8 25. Qd6 Nf4 26. Qxc7 Rxc7 27. f3 Rd8 28. Nc5 Rxc5 29. dxc5 Rd2 30. Be4 Rxg2+ 31.
Kh1 Bc8 32. Rad1 Nd5 33. Bxd5 exd5 34. Kxg2 1-0

[Event "*** Titled Tuesday Blitz"]
[Site "Chess.com"]
[Date "2020.05.19"]
[Round "9"]
[White "Emolas-2020"]
[Black "TudorAnton"]
[Result "1-0"]
[WhiteElo "2357"]
[BlackElo "2454"]
[TimeControl "180+1"]
[EndTime "13:45:13 PDT"]
[Termination "Emolas-2020 won by resignation"]

1. e4 g6 2. d4 Bg7 3. Nc3 c5 4.
dxc5 Qa5 5. Nf3 Qxc5 6. Be3 Qc7 7. Bd4 Bxd4 8. Qxd4 Nf6 9. e5 Nh5 10. g4 Ng7 11.
O-O-O Nc6 12. Qe3 O-O 13. h4 Ne6 14. h5 Qb6 15. Qh6 g5 16. Nxg5 Nxg5 17. Qxg5+ Kh8 18. Rd2 Qa5 19. Rd5 Qb6 20. Bd3 Nb4 21. Be4 Nxd5 22.
Nxd5 Qe6 23. Nxe7 d6 24. Ng6+ fxg6 25. hxg6 d5 26. g7+ Kg8 27. Bxh7+ Kf7 28. g8=Q+ Rxg8 29. Bxg8+ Ke8 30. Bxe6 Bxe6 31. Rh8+ 1-0

[Event "*** Titled Tuesday Blitz"]
[Site "Chess.com"]
[Date "2020.05.19"]
[Round "9"]
[White "Camels1981"]
[Black "barbara25"]
[Result "0-1"]
[WhiteElo "2325"]
[BlackElo "2210"]
[TimeControl "180+1"]
[EndTime "13:45:13 PDT"]
[Termination "barbara25 won by resignation"]

1. e4 c5 2. Nf3 d6 3. d4 cxd4 4. Nxd4 Nf6 5. Nc3 a6 6. Bc4 e6 7. Bb3 Be7 8. O-O O-O 9. f4 Nc6 10. Kh1 Na5 11. Be3 b5 12. Qf3 Bb7 13. a3 Rc8 14. Nxe6 fxe6 15. Bxe6+ Kh8 16. Bxc8 Qxc8 17. Rad1 Nc4 18. Bc1 Qg4 19. b3 Qxf3 20. gxf3 Nb6 21. f5 Rc8 22. Bb2 Kg8 23. Rd2 Kf7 24. Nd1 g6 25.
fxg6+ hxg6 26. Re1 Nh5 27. Ne3 Nf4 28. Ng4 Nd7 29.
Nh6+ Ke8 30. Rg1 g5 31. Nf5 Ne5 32. h4 Nxf3 33. Rf2 Nxg1 0-1

[Event "*** Titled Tuesday Blitz"]
[Site "Chess.com"]
[Date "2020.05.19"]
[Round "9"]
[White "Boudicca64"]
[Black "Lali-Rustavi"]
[Result "0-1"]
[WhiteElo "1983"]
[BlackElo "1890"]
[TimeControl "180+1"]
[EndTime "13:45:17 PDT"]
[Termination "Lali-Rustavi won by checkmate"]

1. e4 c6 2. d4 d5 3. e5 h5 4. Nf3 g6 5. Be2 Bg4 6. h3 Bxf3 7. Bxf3 e6 8. b3 h4 9. Bb2 Nh6 10. Nc3 Nf5 11. Ne2 c5 12. c3 Nc6 13. O-O Be7 14. a3 O-O 15. b4 b6 16. Qb3 a5 17.
b5 a4 18. Qc2 Na5 19. Qxa4 Nc4 20. Qc2 Qd7 21. a4 Rfc8 22. Qb3 cxd4 23. cxd4 Nd2 24. Qd3 Nxf1 25. Kxf1 Rc4 26. Nf4 Raxa4 27. Rxa4 Rxa4 28.
Bg4 Rc4 29. Bxf5 exf5 30. Qf3 Qxb5 31. Nxd5 Rc1# 0-1

[Event "*** Titled Tuesday Blitz"]
[Site "Chess.com"]
[Date "2020.05.19"]
[Round "9"]
[White "SaqoChess_Twitch"]
[Black "carvillshill"]
[Result "0-1"]
[WhiteElo "2411"]
[BlackElo "2574"]
[TimeControl "180+1"]
[EndTime "13:45:21 PDT"]
[Termination "carvillshill won by resignation"]

1. d4 Nf6 2. c4 g6 3. Nc3 d5 4.
Bf4 Bg7 5. e3 O-O 6. Rc1 dxc4 7.
Bxc4 Nbd7 8. Nge2 c5 9. dxc5 Nxc5 10. Qxd8 Rxd8 11. O-O b6 12. b4 Nd3 13. Rcd1 Bf5 14.
Bc7 Rd7 15. Bg3 Nxb4 16. a3 Nc2 17. a4 Rad8 18. Rxd7 Rxd7 19. e4 Nxe4 20. Nxe4 Bxe4 21. f3 Bc6 22. Bb5 Bxb5 23. axb5 Na3 24. Rc1 h6 25. Rc8+ Kh7 26. Nc3 Bxc3 27. Rxc3 Nxb5 28. Rc8 g5 29. h4 f6 30. h5 Nd4 31. Ra8 Ne2+ 32. Kh2 Nxg3 33.
Kxg3 Rb7 34. Kg4 b5 35. Kf5 b4 36. Rf8 Kg7 37. Rd8 b3 38. Rd1 b2 39. Rb1 a5 40.
Ke6 a4 41. Kd5 a3 42. Kc6 a2 43. Kxb7 axb1=Q 0-1

[Event "*** Titled Tuesday Blitz"]
[Site "Chess.com"]
[Date "2020.05.19"]
[Round "9"]
[White "Kobalia"]
[Black "gena217"]
[Result "1-0"]
[WhiteElo "2811"]
[BlackElo "2861"]
[TimeControl "180+1"]
[EndTime "13:45:22 PDT"]
[Termination "Kobalia won by resignation"]

1. e4 c6 2. d4 d5 3. exd5 cxd5 4. Bd3 Nc6 5. c3 Nf6 6. Bf4 Bg4 7. Qb3 Qd7 8. Nd2 e6 9. Ngf3 Bd6 10. Bxd6 Qxd6 11. O-O O-O 12. Rae1 Qc7 13. Ne5 Nxe5 14. dxe5 Nd7 15.
Qc2 Nxe5 16. Bxh7+ Kh8 17. f4 Nd7 18. h3 Bh5 19. g4 g6 20. gxh5 Kxh7 21. hxg6+ Kg7 22. Nf3 Qxf4 23. Qg2 Qh6 24. gxf7+ Kh8 25. Ng5 e5 26. Qg4 e4 27. Rf5 Qg6 28. Kh1 Rac8 29. Rg1 Rc6 30. Rxd5 Nb6 31. Re5 1-0

[Event "*** Titled Tuesday Blitz"]
[Site "Chess.com"]
[Date "2020.05.19"]
[Round "9"]
[White "ZEN-22"]
[Black "Tormoz"]
[Result "1-0"]
[WhiteElo "2535"]
[BlackElo "2667"]
[TimeControl "180+1"]
[EndTime "13:45:22 PDT"]
[Termination "ZEN-22 won by resignation"]

1. b3 d5 2. Bb2 Bg4 3. h3 Bh5 4. g3 Nc6 5. Bg2 e5 6. d3 f5 7. Nd2 Nf6 8. g4 fxg4 9. hxg4 Bxg4 10. Ngf3 Bd6 11. c4 e4 12. cxd5 exf3 13. exf3 Ne5 14. fxg4 Nxd3+ 15. Kf1 Nxb2 16. Qc2 Nxg4 17. Re1+ Be5 18.
Qf5 Qf6 19. Qxg4 O-O 20. Ne4 Qa6+ 21. Kg1 Rae8 22. d6 cxd6 23. Ng5 Qa5 24. Re3 h6 25.
Rxh6 Rf4 26. Rh8+ Kxh8 27. Qh5+ Kg8 28. Qxe8+ Rf8 29. Qe6+ 1-0

[Event "*** Titled Tuesday Blitz"]
[Site "Chess.com"]
[Date "2020.05.19"]
[Round "9"]
[White "Asteroxylon"]
[Black "BlackBoarder"]
[Result "1-0"]
[WhiteElo "2435"]
[BlackElo "2569"]
[TimeControl "180+1"]
[EndTime "13:45:23 PDT"]
[Termination "Asteroxylon won by resignation"]

1. e4 e6 2. d4 d5 3. Bd3 dxe4 4. Bxe4 Nf6 5. Bf3 Bd6 6. Ne2 Nbd7 7. Bg5 h6 8. Be3 e5 9. Nbc3 O-O 10. Qd2 Re8 11. g3 exd4 12. Nxd4 Ne5 13. Be2 Bg4 14. O-O-O Bxe2 15.
Qxe2 Neg4 16. Nf5 Nxe3 17. fxe3 Qd7 18. g4 Qe6 19. Kb1 Bb4 20. Nb5 Nxg4 21. Qxg4 Qe5 22.
Nxh6+ Kf8 23. Qxb4+ c5 24. Qf4 gxh6 25. Nc7 Rac8 26.
Qxh6+ 1-0

[Event "*** Titled Tuesday Blitz"]
[Site "Chess.com"]
[Date "2020.05.19"]
[Round "9"]
[White "ManuDavid2910"]
[Black "BocharovD"]
[Result "1-0"]
[WhiteElo "2709"]
[BlackElo "2840"]
[TimeControl "180+1"]
[EndTime "13:45:25 PDT"]
[Termination "ManuDavid2910 won by resignation"]

1. e4 c5 2. Nf3 e6 3. Nc3 a6 4. g3 d6 5. Bg2 Nf6 6. O-O Be7 7. d4 cxd4 8. Nxd4 O-O 9. Kh1 Nc6 10. f4 Bd7 11.
Be3 Qc7 12. Nb3 b5 13. a3 Rfd8 14. Qe2 Be8 15. Rad1 Rab8 16. g4 b4 17. axb4 Nxb4 18. g5 Nd7 19. f5 Ne5 20. Nd4 Qc4 21. fxe6 fxe6 22. Bh3 Bd7 23. Qh5 Nxc2 24. Nxc2 Rxb2 25. Bd4 Be8 26. Ne3 Qxf1+ 27. Rxf1 Bxh5 28. Bxe6+ Kh8 29. Ncd5 Bxg5 30. Bxb2 Bf3+ 31. Kg1 Bxe4 32. Nf5 Nf3+ 33. Rxf3 1-0

[Event "*** Titled Tuesday Blitz"]
[Site "Chess.com"]
[Date "2020.05.19"]
[Round "9"]
[White "j2806"]
[Black "PawnEatingZombie"]
[Result "1-0"]
[WhiteElo "2036"]
[BlackElo "2221"]
[TimeControl "180+1"]
[EndTime "13:45:25 PDT"]
[Termination "j2806 won by resignation"]

1. e4 c6 2. d4 d5 3. exd5 cxd5 4. Bd3 Nc6 5. c3 Qc7 6. h3 Nf6 7. Nf3 g6 8. O-O Bg7 9. Re1 O-O 10. Nbd2 Bf5 11.
Bxf5 gxf5 12. Ne5 e6 13. Ndf3 Ne4 14. Bf4 Qd8 15. Qc1 Rc8 16. Nxc6 bxc6 17. Ne5 c5 18. Qd1 cxd4 19. cxd4 Qe7 20. f3 Nf6 21. Rc1 Qb4 22. Qd2 Qxd2 23. Bxd2 Rfe8 24. Kf2 Bf8 25. Ke3 Bh6+ 26.
Kd3 Bxd2 27. Kxd2 Nh5 28. Rc3 Rxc3 29. bxc3 Rb8 30. Kc2 Kf8 31. g4 Nf4 32. Nd7+ 1-0

[Event "*** Titled Tuesday Blitz"]
[Site "Chess.com"]
[Date "2020.05.19"]
[Round "9"]
[White "HanSchut"]
[Black "spela91"]
[Result "1-0"]
[WhiteElo "2229"]
[BlackElo "2028"]
[TimeControl "180+1"]
[EndTime "13:45:25 PDT"]
[Termination "HanSchut won by checkmate"]

1. e4 c5 2. Nf3 Nc6 3. d4 cxd4 4. Nxd4 Qc7 5. c4 e6 6. Nc2 Nf6 7. Nc3 a6 8. Be2 Ne5 9. b3 b5 10. f4 bxc4 11. fxe5 cxb3 12. exf6 Qxc3+ 13. Qd2 Qxc2 14. axb3 Qxb3 15. O-O Bc5+ 16. Kh1 gxf6 17. Rxf6 Bb7 18. Rxf7 Bxe4 19. Qxd7# 1-0

[Event "*** Titled Tuesday Blitz"]
[Site "Chess.com"]
[Date "2020.05.19"]
[Round "9"]
[White "LiverpooL174"]
[Black "Gareth-Bale11"]
[Result "1/2-1/2"]
[WhiteElo "2557"]
[BlackElo "2701"]
[TimeControl "180+1"]
[EndTime "13:45:26 PDT"]
[Termination "Game drawn by agreement"]

1. Nf3 d5 2. b3 g6 3. Bb2 Nf6 4. g3 Bg7 5. Bg2 O-O 6. O-O c5 7. c4 d4 8. e3 Nc6 9. exd4 cxd4 10. d3 Bf5 11. Nh4 Bg4 12. Qd2 e5 13. Re1 a5 14.
Na3 Re8 15. Nb5 h6 16. a3 g5 17.
Nf3 Qd7 18. b4 Rad8 19. bxa5 Qf5 20. Qe2 e4 21. dxe4 Nxe4 22. h3 Nd6 23. hxg4 Rxe2 24. gxf5 Rxb2 25. Nxd6 Rxd6 26. a6 bxa6 27. Re8+ Kh7 28.
c5 Rd8 29. Rxd8 Nxd8 30. Rd1 Rc2 31. Nxd4 Rxc5 32. Ne6 fxe6 33. Rxd8 exf5 34. a4 g4 35. Bf1 a5 36. Rd7 Kg6 37. Bd3 Bf8 38. Rb7 Rc1+ 39. Kg2 Rd1 40. Rd7 Kf6 41. Bxf5 Rxd7 42. Bxd7 h5 43. Bb5 Kg5 44. f3 gxf3+ 45. Kxf3 Bd6 46. Kg2 h4 47. gxh4+ Kxh4 1/2-1/2

[Event "*** Titled Tuesday Blitz"]
[Site "Chess.com"]
[Date "2020.05.19"]
[Round "9"]
[White "Char_dasha"]
[Black "keepitcool9499"]
[Result "0-1"]
[WhiteElo "2336"]
[BlackElo "2456"]
[TimeControl "180+1"]
[EndTime "13:45:26 PDT"]
[Termination "keepitcool9499 won by resignation"]

1. d4 Nf6 2. c4 e6 3. Nc3 d5 4. cxd5 exd5 5. Bg5 Be7 6. e3 O-O 7. Bd3 c6 8. Qd2 Nbd7 9. f3 c5 10. Nge2 a6 11. O-O b5 12. a3 h6 13. Bh4 Nb6 14. dxc5 Bxc5 15. Nd4 Nc4 16. Qf2 Qb6 17. Bxf6 Qxf6 18.
Nxd5 Qd6 19. Bxc4 bxc4 20. e4 Bb7 21. Kh1 Bxd5 22. Rad1 Bb7 23. Nf5 Qxd1 24. Nxh6+ Kh7 0-1

[Event "*** Titled Tuesday Blitz"]
[Site "Chess.com"]
[Date "2020.05.19"]
[Round "9"]
[White "zaur-mammadov"]
[Black "AlexTriapishko"]
[Result "0-1"]
[WhiteElo "2559"]
[BlackElo "2729"]
[TimeControl "180+1"]
[EndTime "13:45:29 PDT"]
[Termination "AlexTriapishko won by resignation"]

1. e4 e5 2. Nf3 Nc6 3. Nc3 Nf6 4. Be2 d5 5. exd5 Nxd5 6. O-O Nxc3 7. bxc3 e4 8. Ne1 Bd6 9. f3 exf3 10. Bxf3 O-O 11. d4 Na5 12. Nd3 Rb8 13. Rb1 Be6 14.
d5 Bf5 15. Be3 b6 16. Bf2 Re8 17. Bd4 Nc4 18. Bh5 Bg6 19. Bxg6 hxg6 20. Qf3 Qd7 21. Rbd1 Re7 22. Nf4 Rbe8 23. Rd3 Qf5 24. Qg3 Re4 25.
Rdf3 Nd2 26. Bxg7 Nxf3+ 27. Rxf3 Rxf4 0-1

[Event "*** Titled Tuesday Blitz"]
[Site "Chess.com"]
[Date "2020.05.19"]
[Round "9"]
[White "Escanor89"]
[Black "Angel_Hranitel_37"]
[Result "1-0"]
[WhiteElo "2558"]
[BlackElo "2354"]
[TimeControl "180+1"]
[EndTime "13:45:30 PDT"]
[Termination "Escanor89 won by checkmate"]

1. c4 Nf6 2. Nc3 g6 3. e4 d6 4. d4 Bg7 5. Nf3 O-O 6. Be2 e5 7. O-O Nc6 8. d5 Ne7 9. Ne1 Nd7 10. Be3 f5 11. f3 a5 12. Nd3 b6 13. a3 f4 14. Bf2 Nc5 15. Nxc5 bxc5 16. b4 axb4 17.
axb4 Rxa1 18. Qxa1 cxb4 19. Nb5 c6 20. dxc6 Nxc6 21.
Rd1 Rf6 22. c5 Rf7 23. Bc4 Kf8 24. Bxf7 Kxf7 25. Nxd6+ Kf8 26. Nxc8 Qxc8 27. Qa4 Qb7 28. Rd6 b3 29. Qxc6 Qb4 30. Qc8+ Kf7 31. Qe6+ Kf8 32. Rd8# 1-0

[Event "*** Titled Tuesday Blitz"]
[Site "Chess.com"]
[Date "2020.05.19"]
[Round "9"]
[White "Nayemhaque22"]
[Black "MathiasWomacka"]
[Result "1-0"]
[WhiteElo "2202"]
[BlackElo "2360"]
[TimeControl "180+1"]
[EndTime "13:45:31 PDT"]
[Termination "Nayemhaque22 won by resignation"]

1. e4 c5 2. Nf3 d6 3. d4 cxd4 4. Nxd4 Nf6 5. Nc3 a6 6. h3 e6 7. Be3 Be7 8. g4 b5 9. g5 Nfd7 10. a3 Bxg5 11. Nxe6 fxe6 12. Qh5+ g6 13. Qxg5 Qxg5 14. Bxg5 Bb7 15. O-O-O h6 16. Bh4 Nc5 17.
Rxd6 g5 18. Bg3 Ke7 19. Bg2 Nbd7 20. Rhd1 Rad8 21. b4 Na4 22. Nxa4 bxa4 23. Kb2 e5 24. c4 Nf6 25. Bxe5 Nxe4 26. Bxe4 Bxe4 27. Bf6+ 1-0

[Event "*** Titled Tuesday Blitz"]
[Site "Chess.com"]
[Date "2020.05.19"]
[Round "9"]
[White "Lion-Al-Messi"]
[Black "tsvet2005"]
[Result "0-1"]
[WhiteElo "2338"]
[BlackElo "2521"]
[TimeControl "180+1"]
[EndTime "13:45:34 PDT"]
[Termination "tsvet2005 won on time"]

1. e4 c5 2. Nf3 d6 3. d4 cxd4 4. Nxd4 Nf6 5. Nc3 a6 6. h3 e5 7. Nde2 b5 8. Bg5 Nbd7 9. Nd5 Bb7 10. g3 Rc8 11. Bg2 h6 12. Be3 Nxd5 13. exd5 Be7 14. O-O O-O 15. a4 Nb6 16. axb5 axb5 17. Nc3 b4 18. Bxb6 Qxb6 19. Ne4 Qc7 20. c3 f5 21. Nd2 bxc3 22. Rc1 c2 23. Qe2 Qc5 24. Qd3 e4 25. Qe2 Bxd5 26. Kh2 Bf6 27. b3 Bb2 28.
Nc4 Bxc1 29. Rxc1 Bxc4 30. bxc4 Qxc4 31. Qd2 d5 32. Bf1 Qc5 33. Qf4 d4 0-1

[Event "*** Titled Tuesday Blitz"]
[Site "Chess.com"]
[Date "2020.05.19"]
[Round "9"]
[White "Grandmaster2B"]
[Black "Unknown_IM"]
[Result "0-1"]
[WhiteElo "2412"]
[BlackElo "2549"]
[TimeControl "180+1"]
[EndTime "13:45:37 PDT"]
[Termination "Unknown_IM won by resignation"]

1. e4 c5 2. Nf3 e6 3. d4 cxd4 4. Nxd4 Nf6 5. Nc3 Nc6 6. Ndb5 Bc5 7. Nd6+ Ke7 8. Nc4 d5 9. exd5 exd5 10. Nd2 Re8 11. Be2 Kf8 12. O-O Kg8 13. Nb3 Bd6 14. Bg5 Be6 15. Qd2 h6 16. Bh4 Ne4 17. Bxd8 Nxd2 18.
Nxd2 Raxd8 19. Rad1 a6 20. Bd3 d4 21. Nce4 Bf8 22. a3 Ne5 23. f4 Ng4 24. Rfe1 Bd5 25.
Nf1 Ne3 26. Nxe3 dxe3 27. Nc3 Bc6 28. Re2 Bd6 29. g3 Bf3 30. Nd5 Bxd5 0-1

[Event "*** Titled Tuesday Blitz"]
[Site "Chess.com"]
[Date "2020.05.19"]
[Round "9"]
[White "Klavdia_Nik"]
[Black "mshuaau0"]
[Result "0-1"]
[WhiteElo "2037"]
[BlackElo "2233"]
[TimeControl "180+1"]
[EndTime "13:45:37 PDT"]
[Termination "mshuaau0 won on time"]

1. Nf3 d5 2. c4 dxc4 3. Na3 Be6 4. e3 Nd7 5. Nxc4 Nb6 6. b3 Nf6 7. Bb2 Bd5 8. Be2 e6 9. O-O Be7 10. d4 O-O 11. Rc1 Rc8 12. Bd3 Be4 13. Bxe4 Nxe4 14.
Qc2 Nd6 15. e4 Nbxc4 16. bxc4 c5 17. d5 exd5 18. exd5 Bf6 19. Rfe1 Bxb2 20. Qxb2 Re8 21. Rxe8+ Qxe8 22. Re1 Qa4 23. Qb3 Qxb3 24. axb3 Kf8 25. Ne5 b5 26. Rc1 bxc4 27. bxc4 a5 28. Nc6 a4 0-1

[Event "*** Titled Tuesday Blitz"]
[Site "Chess.com"]
[Date "2020.05.19"]
[Round "9"]
[White "EmeseBalogh"]
[Black "Karina_Ivanova"]
[Result "0-1"]
[WhiteElo "1954"]
[BlackElo "2197"]
[TimeControl "180+1"]
[EndTime "13:45:37 PDT"]
[Termination "Karina_Ivanova won by resignation"]

1. e4 c6 2. d4 d5 3. exd5 cxd5 4.
Nf3 Nc6 5. Bd3 Bg4 6. c3 e6 7.
h3 Bh5 8. Bf4 Bd6 9. Bxd6 Qxd6 10.
Nbd2 Nf6 11. O-O O-O 12. Re1 Rab8 13. Be2 b5 14. Ne5 Nxe5 15. Bxh5 Nc4 16. Bf3 Nxb2 17. Qb3 Nc4 18. Nxc4 bxc4 19. Qc2 Rb6 20. Reb1 Rfb8 21. Rxb6 Qxb6 22. Rc1 Qb2 23. Kh2 Qxc2 24. Rxc2 a5 25. g3 g6 26. Kg2 a4 27. Bd1 a3 28.
f3 Rb1 29. Be2 Nd7 30. Kf2 Nb6 31. f4 Na4 32. Ke3 Nb2 33. g4 Rh1 34. f5 Rxh3+ 35.
Kf4 gxf5 36. gxf5 Rh2 37. fxe6 fxe6 38. Ke5 Kf7 39. Kd6 Kf6 0-1

[Event "*** Titled Tuesday Blitz"]
[Site "Chess.com"]
[Date "2020.05.19"]
[Round "9"]
[White "Eltaj_Safarli"]
[Black "Vaathi_Coming"]
[Result "1-0"]
[WhiteElo "3008"]
[BlackElo "2883"]
[TimeControl "180+1"]
[EndTime "13:45:38 PDT"]
[Termination "Eltaj_Safarli won by resignation"]

1. e4 c5 2. Nc3 d6 3. Bb5+ Bd7 4.
Bxd7+ Qxd7 5. d4 cxd4 6. Qxd4 Nc6 7. Qd3 g6 8. Nf3 Bg7 9. Bg5 Nf6 10. Rd1 Ng4 11.
O-O O-O 12. Nd5 h6 13. Bc1 e6 14. Ne3 Nxe3 15. Bxe3 Rfd8 16. c4 g5 17. b3 Qe7 18. Rd2 g4 19. Nd4 Ne5 20. Qe2 h5 21.
Kh1 Nc6 22. f3 Ne5 23. f4 Nc6 24. Rfd1 Nxd4 25. Bxd4 Bxd4 26. Rxd4 e5 27. Rd5 f6 28. Qd2 Kf7 29. fxe5 fxe5 30. Qh6 Qf6 31. Qxh5+ Ke7 32. Qh7+ Ke6 33. c5 dxc5 34. Qf5+ Qxf5 35. exf5+ Ke7 36.
f6+ Ke6 37. Rxd8 1-0

[Event "*** Titled Tuesday Blitz"]
[Site "Chess.com"]
[Date "2020.05.19"]
[Round "9"]
[White "jlandaw"]
[Black "DarkAlekhine"]
[Result "0-1"]
[WhiteElo "2483"]
[BlackElo "2627"]
[TimeControl "180+1"]
[EndTime "13:45:38 PDT"]
[Termination "DarkAlekhine won by resignation"]

1. e4 Nf6 2. d3 d5 3. Nd2 e5 4.
Ngf3 Nc6 5. Be2 Bc5 6. O-O O-O 7. c3 a5 8. Qc2 Re8 9. h3 h6 10. Re1 Be6 11. Nf1 d4 12. g4 h5 13. Ng5 hxg4 14.
Nxe6 Rxe6 15. Bg5 dxc3 16. Bxg4 Bxf2+ 17. Qxf2 Nxg4 18. Bxd8 Nxf2 19. Kxf2 Rxd8 20. bxc3 Rxd3 21. Re3 Rd8 22. Ke2 Red6 23. Rg3 Ne7 24. Ne3 Rd2+ 25. Kf3 R8d3 26. Rag1 Ng6 27. Kg4 Re2 28. Nd5 Rxe4+ 29.
Kf5 Rxg3 30. Rxg3 Ra4 31. Rg4 Rxa2 32. Nxc7 a4 33. h4 a3 34. h5 Rf2+ 35. Ke4 Rf4+ 0-1

[Event "*** Titled Tuesday Blitz"]
[Site "Chess.com"]
[Date "2020.05.19"]
[Round "9"]
[White "Gennady_Kozlov"]
[Black "zmeeed67"]
[Result "0-1"]
[WhiteElo "2566"]
[BlackElo "2416"]
[TimeControl "180+1"]
[EndTime "13:45:38 PDT"]
[Termination "zmeeed67 won by checkmate"]

1. b3 d5 2. Bb2 Nf6 3. e3 c5 4.
f4 g6 5. Nf3 Bg7 6. Be2 O-O 7.
O-O d4 8. Ne5 dxe3 9. dxe3 Bf5 10. Bd3 Nbd7 11. Nxd7 Qxd7 12. Bxf5 Qxf5 13. Na3 Rfd8 14.
Qf3 Ne4 15. Bxg7 Kxg7 16. g4 Qd5 17. Rad1 Qc6 18. Nc4 f6 19. g5 Qe6 20. gxf6+ exf6 21. Rd3 b5 22. Rfd1 Re8 23. Rd7+ Re7 24. Rxe7+ Qxe7 25.
Nd6 Nxd6 26. Qxa8 Qxe3+ 27. Kf1 Ne4 28. Rd7+ Kh6 29. Qf8+ Kh5 30. Rd5+ Kg4 31. Rg5+ fxg5 32. Qc8+ Kxf4 33. Qc7+ Kg4 34. Qd7+ Kh5 35. Qxh7+ Kg4 36. Qd7+ Kf3 37. Qf7+ Qf4 38. Qd7 Ke3+ 39. Kg2 Qf2+ 40. Kh3 Qf3# 0-1